Map: Port Aleksander LE

Players

POIK - Winner!

  • Race: Terran Terran
  • League: Platinum
  • Spawn Location: 5:00

A.I. 1 (Very Hard)

  • Race: Zerg Zerg
  • Spawn Location: 11:00

VOD

Have the link to the VOD?

Description

2v2 only, with dual-terran team pushing for tanks by 3:30

Time

  • Played on: Jan. 15, 2019, 3:42 a.m.
  • Length: 7:59
Show
View Real Time Build Order
Export as new Build Order

POIK Terran - Winner!

Build Orders:  

Get SALT Encoding   

  12  0:01  SCV  
  13  0:13  SCV  
  14  0:18  Supply Depot  
  14  0:25  SCV  
  15  0:40  SCV  
  15  0:41  Barracks  
  16  0:46  Refinery  
  16  0:52  SCV  
  17  1:04  SCV  
  17  1:10  Barracks  
  18  1:16  SCV  
  19  1:30  Supply Depot  
  19  1:33  Orbital Command  
  19  1:49  Marine  
  20  1:56  Factory  
  20  1:59  SCV  
  21  2:02  Marine  
  22  2:11  Barracks  
  22  2:19  Marine  
  22  2:21  SCV  
  24  2:29  Marine  
  24  2:33  SCV  
  24  2:36  Supply Depot  
  25  2:37  Marine  
  25  2:40  Factory Tech Lab  
  26  2:45  SCV  
  26  2:47  Marine  
  28  2:54  Supply Depot  
  28  2:57  SCV  
  28  2:58  Siege Tank  
  32  3:00  Marine  
  32  3:02  Marine  
  34  3:09  SCV, Marine  
  36  3:17  Supply Depot  
  36  3:21  SCV  
  36  3:22  Marine  
  36  3:24  Marine  
  39  3:35  Siege Tank  
  42  3:44  Marine x2  
  42  3:45  Marine  
  45  3:49  SCV  
  46  4:01  SCV  
  46  4:02  Supply Depot, Marine x3  
  50  4:10  Supply Depot  
  50  4:15  Siege Tank  
  53  4:20  Marine x2  
  53  4:27  Marine  
  52  4:38  Marine x2  
  54  4:45  Marine  
  55  4:55  Marine  
  55  4:56  Marine  
  57  5:00  SCV  
  57  5:02  Marine  
  55  5:11  Command Center  
  55  5:12  SCV  
  55  5:13  Marine  
  55  5:14  Reaper  
  52  5:20  Marine  
  49  5:24  SCV  
  44  5:31  Marine  
  43  5:36  Siege Tank  
  43  5:38  Marine  
  47  5:46  Marine  
  47  5:48  SCV  
  47  5:49  Marine  
  50  5:56  Marine  
  50  5:57  Refinery  
  51  5:59  Starport  
  51  6:03  Marine  
  51  6:07  Marine  
  51  6:08  SCV  
  53  6:14  Marine  
  54  6:21  Marine  
  54  6:24  Marine  
  55  6:31  Marine  
  49  7:01  Marine x2  
  49  7:16  Marine  
  49  7:17  Siege Tank  
  49  7:18  Starport Reactor  
  49  7:19  SCV, Marine x2  
  56  7:23  Orbital Command  
  56  7:26  Refinery  
  56  7:27  Refinery  
  55  7:31  Barracks  
  55  7:33  Marine  
  56  7:37  Marine x2  
  52  7:45  SCV  
  52  7:50  Supply Depot  
Show
View Real Time Build Order
Export as new Build Order

A.I. 1 (Very Hard) Zerg 

Build Orders: Pool First 

Get SALT Encoding   

  12  0:00  Drone  
  13  0:12  Overlord  
  13  0:18  Drone  
  14  0:30  Drone  
  14  0:31  Drone  
  14  0:34  Drone  
  17  0:49  Spawning Pool  
  16  0:50  Drone  
  17  1:13  Hatchery  
  17  1:17  Drone  
  17  1:19  Extractor  
  17  1:22  Drone  
  17  1:25  Extractor  
  16  1:28  Drone  
  16  1:32  Drone  
  18  1:38  Drone  
  19  1:49  Overlord  
  19  2:00  Queen  
  21  2:05  Zergling x2  
  22  2:11  Drone  
  23  2:27  Queen  
  25  2:33  Drone  
  26  2:38  Drone  
  26  2:42  Drone  
  28  2:47  Drone  
  29  3:00  Roach Warren  
  29  3:03  Drone  
  29  3:06  Drone  
  29  3:09  Zergling x2  
  31  3:13  Zergling x2  
  31  3:19  Overlord  
  32  3:22  Drone  
  32  3:25  Drone  
  34  3:40  Roach  
  34  3:41  Roach x2  
  38  3:42  Roach  
  42  3:49  Lair  
  42  3:53  Overlord  
  42  3:58  Overlord  
  42  4:02  Zergling x2  
  43  4:04  Zergling x2  
  44  4:12  Drone x2, Zergling x2  
  44  4:14  Drone  
  44  4:16  Drone  
  49  4:19  Drone  
  49  4:21  Zergling x2  
  49  4:24  Zergling x2  
  49  4:28  Roach  
  43  4:31  Roach  
  43  4:35  Roach  
  47  4:38  Roach  
  47  4:42  Overlord  
  47  4:44  Zergling x2  
  47  4:46  Zergling x2  
  47  4:48  Zergling x2  
  47  4:51  Zergling x2  
  43  5:00  Roach, Zergling x2  
  43  5:01  Overlord  
  45  5:09  Roach  
  38  5:31  Hatchery  
  38  5:34  Zergling x2  
  35  5:37  Zergling x2  
  35  5:42  Roach  
  38  5:46  Roach  
  38  5:50  Roach  
  38  5:54  Roach  
  42  5:58  Roach  
  42  6:02  Roach  
  45  6:20  Zergling x2  
  45  6:23  Zergling x2  
  44  6:27  Roach, Hatchery  
  44  6:31  Roach  
  37  6:42  Roach  
  37  6:43  Hydralisk Den  
  34  7:08  Zergling x2  
  33  7:13  Hydralisk  
  31  7:16  Queen  
  31  7:19  Zergling x2  
  34  7:27  Hatchery  
  34  7:29  Zergling x2  
  35  7:41  Roach Warren  
Tags
 
Add a new tag
Caveats
  • Supply blocks, unpowered buildings, or Contaminate may cause inaccurate times.
  • Supply counts are checked every 10 seconds.